 Dungeon Crawl Stone Soup version 0.26-a0-23-g3ae7099 (webtiles) character file.

Game seed: 9748569064478413745, levelgen mode: deterministic

857 thirtiethelement the Skirmisher (level 8, -2/67 HPs)
             Began as a Gnoll Abyssal Knight on May 26, 2020.
             Was a Believer of Lugonu.
             Slain by a bullfrog (3 damage)
             ... on level 6 of the Dungeon.
             The game lasted 00:17:10 (4650 turns).

thirtiethelement the Skirmisher (GnAK)              Turns: 4650, Time: 00:17:10

Health: -2/67      AC:  5    Str: 14 (17) XL:     8   Next: 2%
Magic:  12/12      EV: 13    Int: 13 (14) God:    Lugonu [**....]
Gold:   322        SH:  0    Dex: 14 (15) Spells: 12/12 levels left

rFire    + . .     SeeInvis +   a - +2 hand axe
rCold    + . .     Gourm    .   (no shield)
rNeg     . . .     Faith    .   b - +0 leather armour
rPois    +         Spirit   .   (no helmet)
rElec    +         Reflect  .   (no cloak)
rCorr    +         Harm     .   m - +1 pair of gloves
MR       .....                  (no boots)
Stlth    ++........             j - amulet of the acrobat
HPRegen  0.21/turn              f - ring of see invisible
MPRegen  0.13/turn              (no ring)

@: brilliant, resistant, flying
A: distributed training, fangs 1, strong nose
a: Depart the Abyss, Bend Space, Renounce Religion


You were on level 6 of the Dungeon.
You worshipped Lugonu.
Lugonu was pleased with you.
You were not hungry.

You visited 1 branch of the dungeon, and saw 6 of its levels.
You visited the Abyss 1 time.

You collected 322 gold pieces.

Inventory:

Hand Weapons
 a - a +2 hand axe (weapon)
Missiles
 p - 2 throwing nets (quivered)
Armour
 b - a +0 leather armour (worn)
 m - a +1 pair of gloves (worn)
Jewellery
 f - a ring of see invisible (left hand)
 j - an amulet of the acrobat (around neck)
Wands
 e - a wand of flame (2)
 h - a wand of iceblast (5)
Scrolls
 i - 6 scrolls of teleportation
 o - a scroll of identify
 q - 4 scrolls of remove curse
Potions
 d - 3 potions of might
 l - 2 potions of degeneration
 r - a potion of mutation {unknown}
Comestibles
 c - 9 rations


   Skills:
 + Level 7.1 Fighting
 + Level 2.8 Short Blades
 + Level 2.8 Long Blades
 + Level 5.4 Axes
 + Level 2.8 Maces & Flails
 + Level 2.8 Polearms
 + Level 2.8 Staves
 + Level 2.8 Slings
 + Level 2.8 Bows
 + Level 2.8 Crossbows
 + Level 2.8 Throwing
 + Level 5.4 Armour
 + Level 3.8 Dodging
 + Level 2.8 Stealth
 + Level 2.8 Shields
 + Level 2.8 Unarmed Combat
 + Level 2.8 Spellcasting
 + Level 2.2 Conjurations
 + Level 2.2 Hexes
 + Level 2.2 Charms
 + Level 2.2 Summonings
 + Level 2.2 Necromancy
 + Level 2.2 Translocations
 + Level 2.2 Transmutations
 + Level 2.2 Fire Magic
 + Level 2.2 Ice Magic
 + Level 2.2 Air Magic
 + Level 2.2 Earth Magic
 + Level 2.2 Poison Magic
 + Level 5.6 Invocations
 + Level 2.8 Evocations


You had 12 spell levels left.
You didn't know any spells.
Your spell library was empty.

Dungeon Overview and Level Annotations

Branches:
Dungeon (6/15)
 Temple: D:4-7

Altars:
Elyvilon
Qazlal
Vehumet

Shops:
D:5 %

Annotations:
D:5 MinDuChiJD's ghost, novice TrMo


Innate Abilities, Weirdness & Mutations

Your experience applies equally to all skills.
You have very sharp teeth.
Your uncanny sense of smell can sniff out nearby items.


Message History

The bullfrog is almost dead.
You closely miss the shadow imp. The bullfrog hits you!
* * * LOW HITPOINT WARNING * * *
A bullfrog comes into view.
The shadow imp closely misses you. The bullfrog hits you.
* * * LOW HITPOINT WARNING * * *
It was a potion of flight.
You feel very buoyant.
You fly up into the air.
The bullfrog hits you!
* * * LOW HITPOINT WARNING * * *
The shadow imp closely misses you.
It was a potion of resistance.
You feel protected. The bullfrog closely misses you.
The shadow imp closely misses you. The bullfrog barely misses you.
It was a potion of brilliance.
You feel clever all of a sudden.
A jackal comes into view.
The bullfrog hits you.
You die...

.. ∆ .# ∆ ##.#
#####.. h# ...#.#
...# #.#.######
.....#F........
?.....5@.########
).##.##......<..#
#.#######...# #.#
.## ... .. ##..
#. #.. # #... #.


You could see a bullfrog, a shadow imp and a jackal (wandering).

Vanquished Creatures
  An ogre (D:5)
  A sky beast (D:5)
  A centaur (D:5)
  2 howler monkeys
  A crimson imp (D:5)
  A bullfrog skeleton (D:5)
  2 orc priests (D:4)
  2 iguanas
  Terence (D:2)
  4 worker ants
  Robin (D:2)
  7 gnolls
  4 adders
  2 oozes
  An adder skeleton (D:4)
  3 worms
  5 leopard geckos
  8 orcs
  13 goblins
  7 hobgoblins
  5 jackals
  4 quokkas
  5 bats
  4 frilled lizards
  A jackal skeleton (D:3)
  4 kobolds
  11 rats
101 creatures vanquished.

Notes
Turn   | Place    | Note
-------+----------+-------------------------------------------
     0 | Abyss:1  | thirtiethelement the Gnoll Abyssal Knight began the quest
                  | for the Orb.
     0 | Abyss:1  | Reached XP level 1. HP: 23/23 MP: 3/3
    26 | Abyss:2  | Found a corrupted altar of Lugonu.
    67 | Abyss:2  | Noticed a large abomination
   104 | Abyss:2  | Noticed a water elemental
   109 | D:1      | Escaped the Abyss
   173 | D:1      | Reached XP level 2. HP: 29/29 MP: 5/5
   215 | D:1      | Upgraded the game from 0.26-a0-20-g5f92b90 to
                  | 0.26-a0-23-g3ae7099
   231 | D:1      | Reached * piety under Lugonu
   276 | D:1      | You fall into a shaft and drop 1 floor!
   795 | D:2      | Noticed Terence
   808 | D:2      | Killed Terence
   808 | D:2      | Reached XP level 3. HP: 17/35 MP: 6/6
   996 | D:2      | Noticed Robin
  1022 | D:2      | Reached skill level 1 in Short Blades
  1022 | D:2      | Reached skill level 1 in Long Blades
  1022 | D:2      | Reached skill level 1 in Maces & Flails
  1022 | D:2      | Reached skill level 1 in Polearms
  1022 | D:2      | Reached skill level 1 in Staves
  1022 | D:2      | Reached skill level 1 in Slings
  1022 | D:2      | Reached skill level 1 in Bows
  1022 | D:2      | Reached skill level 1 in Crossbows
  1022 | D:2      | Reached skill level 1 in Throwing
  1022 | D:2      | Reached skill level 1 in Stealth
  1022 | D:2      | Reached skill level 1 in Shields
  1022 | D:2      | Reached skill level 1 in Unarmed Combat
  1022 | D:2      | Reached skill level 1 in Spellcasting
  1022 | D:2      | Reached skill level 1 in Evocations
  1030 | D:2      | Reached XP level 4. HP: 30/41 MP: 7/7
  1043 | D:2      | Killed Robin
  1546 | D:3      | You fall into a shaft and drop 1 floor!
  1546 | D:4      | Found a stormy altar of Qazlal.
  1559 | D:4      | Reached skill level 1 in Conjurations
  1559 | D:4      | Reached skill level 1 in Hexes
  1559 | D:4      | Reached skill level 1 in Charms
  1559 | D:4      | Reached skill level 1 in Summonings
  1559 | D:4      | Reached skill level 1 in Necromancy
  1559 | D:4      | Reached skill level 1 in Translocations
  1559 | D:4      | Reached skill level 1 in Transmutations
  1559 | D:4      | Reached skill level 1 in Fire Magic
  1559 | D:4      | Reached skill level 1 in Ice Magic
  1559 | D:4      | Reached skill level 1 in Air Magic
  1559 | D:4      | Reached skill level 1 in Earth Magic
  1559 | D:4      | Reached skill level 1 in Poison Magic
  1559 | D:4      | Reached XP level 5. HP: 31/47 MP: 8/8
  1767 | D:4      | Found a radiant altar of Vehumet.
  2183 | D:4      | Found a white marble altar of Elyvilon.
  2213 | D:4      | Reached XP level 6. HP: 53/53 MP: 9/9
  2240 | D:4      | Reached ** piety under Lugonu
  2240 | D:4      | Reached skill level 5 in Invocations
  2550 | D:3      | Reached skill level 5 in Axes
  2550 | D:3      | Reached skill level 5 in Armour
  2988 | D:5      | Entered Level 5 of the Dungeon
  3175 | D:5      | Reached XP level 7. HP: 54/59 MP: 10/10
  3192 | D:5      | Reached skill level 7 in Fighting
  3581 | D:5      | Found Veasiuh's Food Emporium.
  4091 | D:5      | Found a runed translucent door.
  4092 | D:5      | Noticed MinDuChiJD's ghost (novice TrMo)
  4645 | D:6      | Reached XP level 8. HP: 28/67 MP: 12/12
  4648 | D:6      | HP: 1/67 [bullfrog (8)]
  4650 | D:6      | Slain by a bullfrog

Illustrated notes

Levels and vault maps discovered:
D:1:      ncdulo_lavacross, layout_rooms
D:2:      layout_basic, first_ration, uniq_robin, uniq_terence
D:3:      layout_rooms, st_stairs_14, corexii_leaking_fountain
D:4:      layout_gridville, lemuel_doored_altar, lemuel_round_altar,
          grunt_ministairs_4, grunt_qazlal_sundering
D:5:      layout_rooms, ebering_ghost_reflecting_pool, serial_shops,
          kennysheep_mini_moat, chequers_serial_rivers_micro_b
D:6:      layout_rooms, riverfiend_overflow_shadow_ancestor, old_standard_altar,
          minmay_temple_entry_statues, minmay_ruined_shrine, uniq_duvessa

Skill      XL: |  1  2  3  4  5  6  7 |
---------------+----------------------+-----
Short Blades   | 1 2 |  2.8
Long Blades    | 1 2 |  2.8
Maces & Flails | 1 2 |  2.8
Polearms       | 1 2 |  2.8
Staves         | 1 2 |  2.8
Slings         | 1 2 |  2.8
Bows           | 1 2 |  2.8
Crossbows      | 1 2 |  2.8
Throwing       | 1 2 |  2.8
Stealth        | 1 2 |  2.8
Shields        | 1 2 |  2.8
Unarmed Combat | 1 2 |  2.8
Spellcasting   | 1 2 |  2.8
Evocations     | 1 2 |  2.8
Conjurations   | 1 2 |  2.2
Hexes          | 1 2 |  2.2
Charms         | 1 2 |  2.2
Summonings     | 1 2 |  2.2
Necromancy     | 1 2 |  2.2
Translocations | 1 2 |  2.2
Transmutations | 1 2 |  2.2
Fire Magic     | 1 2 |  2.2
Ice Magic      | 1 2 |  2.2
Air Magic      | 1 2 |  2.2
Earth Magic    | 1 2 |  2.2
Poison Magic   | 1 2 |  2.2
Dodging        | 3 |  3.8
Invocations    | 5 |  5.6
Axes           | 5 |  5.4
Armour         | 5 |  5.4
Fighting       | 7 |  7.1

Action                   |  1- 3 |  4- 6 |  7- 9 || total
-------------------------+-------+-------+-------++-------
Melee: Hand axe          |    76 |   180 |    85 ||   341
       Bite              |     4 |    18 |    11 ||    33
       Punch             |       |       |     1 ||     1
Invok: Depart the Abyss  |     1 |       |       ||     1
Evoke: Wand              |     2 |       |    21 ||    23
  Use: Scroll            |     7 |     3 |       ||    10
       Potion            |       |     3 |     4 ||     7
 Stab: Sleeping          |       |     3 |       ||     3
  Eat: Ration            |       |     2 |     2 ||     4
Armor: Leather armour    |    13 |    33 |    26 ||    72
Dodge: Dodged            |    62 |   112 |    75 ||   249

Table legend:
 A = Non-vault XP
 B = Vault XP
 C = Vault XP percentage of total XP
 D = Non-vault monster count
 E = Vault monster count
 F = Vault count percentage of total count
                 A         B        C        D         E       F
            +---------+---------+-------+---------+---------+-------
      Total |    1143 |      82 |   6.7 |      86 |      15 |  14.9
            +---------+---------+-------+---------+---------+-------
        D:1 |      24 |       0 |   0.0 |      16 |       0 |   0.0
        D:2 |      18 |      72 |  80.0 |      10 |      13 |  56.5
        D:3 |      53 |      10 |  15.9 |      17 |       2 |  10.5
        D:4 |     310 |       0 |   0.0 |      16 |       0 |   0.0
        D:5 |     701 |       0 |   0.0 |      26 |       0 |   0.0
        D:6 |      37 |       0 |   0.0 |       1 |       0 |   0.0
            +---------+---------+-------+---------+---------+-------
